Map: Cyber Forest LE

Players

Akzidenz - Winner!

  • Race: Terran Terran
  • League: Diamond
  • Spawn Location: 5:00

Yocto

  • Race: Zerg Zerg
  • League: Diamond
  • Spawn Location: 11:00

VOD

Have the link to the VOD?

Description

Time

  • Played on: July 5, 2019, 9:09 a.m.
  • Length: 10:37
Show
View Real Time Build Order
Export as new Build Order

Akzidenz Terran - Winner!

Build Orders: Liberator Opening, Reaper Expand 

Get SALT Encoding   

  12  0:01  SCV  
  13  0:13  SCV  
  14  0:17  Supply Depot  
  14  0:25  SCV  
  15  0:39  SCV, Barracks  
  16  0:44  Refinery  
  16  0:51  SCV  
  17  1:03  SCV  
  18  1:15  SCV  
  19  1:27  Orbital Command  
  19  1:28  Reaper  
  20  1:45  Command Center  
  20  1:56  SCV  
  20  1:57  Supply Depot  
  21  2:02  Marine  
  22  2:08  SCV  
  22  2:12  Factory  
  23  2:20  SCV  
  23  2:22  Barracks Reactor  
  24  2:29  Refinery  
  24  2:32  SCV  
  25  2:45  SCV  
  26  2:57  SCV  
  27  3:01  Starport  
  27  3:05  SCV  
  28  3:07  Hellion x2  
  28  3:09  SCV  
  33  3:15  Barracks Tech Lab  
  33  3:17  Orbital Command  
  33  3:21  SCV  
  33  3:25  Supply Depot  
  34  3:30  Liberator  
  34  3:31  Hellion x2  
  34  3:33  SCV  
  39  3:36  Stimpack  
  39  3:45  SCV x2  
  44  3:54  Hellion  
  46  3:57  SCV  
  46  3:59  Hellion  
  46  4:01  Supply Depot  
  49  4:03  SCV  
  50  4:14  SCV  
  50  4:16  SCV  
  52  4:20  Command Center  
  52  4:26  SCV  
  52  4:28  Supply Depot, SCV  
  52  4:31  Marine  
  54  4:38  SCV  
  56  4:42  Starport Reactor  
  56  4:43  Barracks  
  56  4:45  Barracks  
  56  4:49  SCV  
  56  4:50  Marine  
  56  4:52  Engineering Bay  
  58  4:54  Engineering Bay  
  58  5:02  SCV  
  58  5:03  SCV  
  58  5:04  Factory Tech Lab  
  60  5:15  SCV  
  60  5:18  Refinery, Terran Infantry Weapons Level 1  
  60  5:19  Terran Infantry Armor Level 1, Refinery  
  56  5:36  SCV  
  56  5:37  Orbital Command  
  56  5:39  Supply Depot  
  56  5:42  Marine  
  59  5:45  Siege Tank  
  58  5:50  SCV x2  
  58  5:51  Marine x2, Combat Shield  
  54  6:00  Marine  
  54  6:02  Supply Depot, Marine x2, SCV, Engineering Bay  
  54  6:03  Starport Reactor  
  58  6:08  SCV x2  
  58  6:09  Marine x2  
  62  6:15  SCV  
  62  6:18  Marine  
  64  6:20  SCV x2  
  64  6:23  Marine x2, Barracks  
  64  6:25  Widow Mine  
  70  6:26  Barracks  
  70  6:27  Marine x2, SCV  
  70  6:31  Supply Depot  
  70  6:32  SCV  
  75  6:34  Orbital Command  
  75  6:36  Marine  
  75  6:39  SCV, Armory  
  77  6:41  Marine  
  77  6:44  SCV  
  77  6:45  Medivac x2  
  82  6:48  Marine x2, Widow Mine  
  86  6:56  SCV  
  86  6:57  Factory  
  86  7:00  Supply Depot  
  87  7:02  Supply Depot  
  87  7:04  Supply Depot  
  87  7:07  SCV  
  87  7:08  SCV  
  89  7:11  Marine x4, Widow Mine  
  89  7:13  Barracks Reactor  
  89  7:14  Barracks Reactor  
  89  7:15  Marine  
  96  7:16  SCV  
  96  7:20  SCV  
  98  7:23  Supply Depot  
  98  7:32  Marine x5  
  98  7:33  SCV x3  
  96  7:45  SCV x3  
  96  7:49  Marine  
  96  7:50  Marine x4  
  104  7:52  Factory Reactor  
  104  7:54  Medivac  
  104  7:55  Medivac  
  108  8:01  Widow Mine  
  108  8:02  Marine  
  108  8:03  Marine  
  112  8:07  Marine x2, SCV x3  
  112  8:08  Marine x2  
  112  8:09  Marauder  
  121  8:15  Supply Depot x2  
  121  8:16  Drilling Claws  
  121  8:17  Supply Depot, Marine  
  121  8:19  SCV x2  
  125  8:20  SCV  
  125  8:22  Widow Mine  
  125  8:24  Marine x3  
  125  8:25  Marine  
  131  8:27  Marine  
  131  8:29  Marine x2  
  131  8:31  SCV x2  
  136  8:43  Widow Mine  
  136  8:46  Marine x7  
  136  8:47  Marine  
  145  8:55  Marine  
  146  9:03  Marine  
  146  9:04  Marine x6  
  146  9:05  Marine, Widow Mine  
  155  9:13  Marine  
  156  9:21  Supply Depot, Marine x2  
  156  9:22  Marine x4  
  156  9:23  Supply Depot  
  162  9:25  Barracks x2  
  162  9:26  Barracks  
  162  9:28  Supply Depot, Marine x2  
  162  9:30  Marine  
  165  9:37  Medivac  
  165  9:43  Marine x2, Widow Mine x3  
  165  9:44  Medivac, Marine x2, SCV  
  178  9:50  Marine x3  
  181  9:57  Command Center  
  181  9:59  Marine, Marauder  
  184  10:05  Marine, Widow Mine x2  
  184  10:06  Marine x3  
  192  10:08  Marine x2  
  192  10:13  Barracks Tech Lab x2  
  196  10:21  Barracks Tech Lab  
Show
View Real Time Build Order
Export as new Build Order

Yocto Zerg 

Build Orders: Hatch First 

Get SALT Encoding   

  12  0:02  Drone  
  13  0:13  Overlord  
  13  0:19  Drone  
  14  0:33  Drone x2  
  16  0:51  Drone  
  17  1:02  Drone, Hatchery  
  17  1:04  Drone  
  18  1:23  Drone  
  18  1:25  Extractor  
  18  1:27  Spawning Pool  
  18  1:29  Drone  
  18  1:31  Drone  
  19  1:42  Drone  
  20  1:57  Overlord  
  20  2:14  Queen  
  22  2:16  Zergling x4  
  22  2:17  Queen  
  26  2:31  Hatchery  
  25  2:43  Drone x4  
  29  2:49  Metabolic Boost  
  29  2:59  Queen  
  29  3:05  Overlord  
  31  3:12  Overlord  
  31  3:21  Queen  
  31  3:25  Drone x2  
  31  3:26  Drone  
  36  3:37  Extractor  
  36  3:38  Pneumatized Carapace  
  35  3:48  Drone  
  35  3:49  Drone x4  
  35  3:50  Drone  
  41  4:03  Zergling x10  
  46  4:12  Lair  
  46  4:17  Baneling Nest  
  45  4:28  Extractor  
  45  4:29  Drone  
  45  4:30  Drone x5, Extractor  
  47  4:54  Spore Crawler  
  46  5:01  Spore Crawler  
  46  5:02  Baneling x6  
  36  5:29  Zergling x10  
  36  5:30  Zergling x14  
  46  5:40  Zergling x6  
  49  5:43  Queen  
  51  6:11  Centrifical Hooks  
  51  6:16  Evolution Chamber, Overlord x2  
  51  6:17  Evolution Chamber  
  49  6:18  Overlord x3  
  49  6:22  Queen  
  54  6:25  Drone x4  
  54  6:26  Drone  
  56  6:34  Baneling  
  56  6:35  Baneling x6  
  56  6:51  Drone  
  56  6:52  Drone x5  
  62  6:58  Zerg Melee Weapons Level 1  
  62  7:05  Drone x3  
  65  7:22  Baneling  
  65  7:23  Baneling  
  65  7:24  Drone x6  
  65  7:25  Drone x3  
  59  7:50  Drone x7  
  59  7:51  Drone x3  
  67  7:57  Zerg Ground Armor Level 1  
  69  8:04  Spire  
  68  8:12  Extractor  
  67  8:13  Zergling x8  
  67  8:14  Zergling x6  
  67  8:19  Hatchery  
  73  8:30  Zergling x4  
  73  8:31  Zergling x16  
  83  8:42  Baneling x2  
  83  8:43  Baneling x4  
  77  8:49  Zergling x12  
  80  9:00  Zergling x10  
  73  9:53  Baneling x6  
  73  9:55  Zergling x4  
  73  9:56  Zergling x14  
  73  9:59  Hatchery  
  81  10:03  Hatchery  
Tags
 
Add a new tag
Caveats
  • Supply blocks, unpowered buildings, or Contaminate may cause inaccurate times.
  • Supply counts are checked every 10 seconds.